AoeStats
← RedPhosphoru

Arabian Desert

509194610Analyzed
1v1 RM · 7d ago on Sep 25, 2026· 41m 50s· 2 players
Game mode
Random Map
Map size
Tiny (2 player)
Population
200
Speed
Normal
Resources
Standard
Victory
Conquest
Starting age
Dark Age
Ending age
Imperial Age
RankedLock teamsTeams togetherTeam positionsShared explorationLock speedFull tech treeHidden civsTurbo modeCheats
Victory
Defeat
🇺🇸 Saxons · United States
2544
+23
🇦🇹 Saxons · Austria
2707
-23
RedPhosphoru
8:02 Loom
9:47 Feudal Age
14:04 Castle Age
12:03 Double-Bit Axe
13:42 Gold Mining
20:54 Fletching
25:16 Sanctity
25:02 Squires
32:34 Arson
33:22 Scale Mail Armor
Oni.FreakinAndy
9:46 Feudal Age
13:38 Castle Age
11:41 Double-Bit Axe
14:30 Bow Saw
15:03 Loom
22:10 Fletching
Connection lost

Rejoining the realm…

Still unreachable

The connection could not be restored.

Session expired

The server has moved on; the page needs a fresh start.